Map: Shrines of Lizul

Players

Interactive

  • Race: Zerg Zerg
  • League: Master
  • Spawn Location: 6:00

BruceYi

  • Race: Protoss Protoss
  • Spawn Location: 9:00

Bud - Winner!

  • Race: Zerg Zerg
  • League: Diamond
  • Spawn Location: 12:00

PureLegacy - Winner!

  • Race: Terran Terran
  • Spawn Location: 3:00

VOD

Have the link to the VOD?

Description

Time

  • Played on: Nov. 28, 2018, 10:35 p.m.
  • Length: 4:28
Show
View Real Time Build Order
Export as new Build Order

Interactive Zerg 

Build Orders: Pool First 

Get SALT Encoding   

  12  0:01  Drone  
  13  0:09  Drone  
  14  0:18  Overlord  
  14  0:36  Drone x3  
  17  0:47  Spawning Pool  
  16  0:50  Drone  
  17  1:03  Drone, Extractor  
  17  1:11  Drone  
  18  1:28  Hatchery  
  17  1:35  Zergling x2  
  17  1:36  Zergling x2  
  17  1:37  Queen  
  21  1:42  Drone  
  22  1:51  Overlord  
  22  2:12  Queen  
  22  2:13  Drone  
  25  2:18  Metabolic Boost  
  25  2:26  Zergling x4  
  26  2:34  Overlord  
  26  2:40  Queen  
  28  3:01  Queen  
  30  3:06  Drone  
  30  3:07  Drone x4  
  35  3:13  Zergling x4  
  36  3:23  Zergling x4  
  37  3:27  Zergling x6  
  37  3:33  Zergling x2  
  39  3:45  Zergling x6  
  39  3:47  Queen  
  41  3:51  Zergling x2  
  39  4:01  Zergling x8  
Show
View Real Time Build Order
Export as new Build Order

BruceYi Protoss 

Build Orders:  

Get SALT Encoding   

  12  0:03  Probe  
  13  0:14  Pylon  
  13  0:20  Probe  
  14  0:28  Probe  
  15  0:37  Probe  
  15  0:39  Forge  
  16  0:51  Pylon  
  16  1:16  Gateway  
  16  1:20  Assimilator  
  16  1:24  Assimilator  
  16  1:27  Probe  
  17  1:33  Assimilator  
  17  1:39  Probe, Pylon  
  18  1:51  Probe  
  18  1:52  Photon Cannon  
  19  1:59  Pylon  
  19  2:09  Cybernetics Core, Zealot  
  21  2:35  Probe  
  24  2:45  Stalker  
  24  2:53  Probe  
  25  3:05  Probe  
  26  3:06  Stalker  
  26  3:17  Probe  
  29  3:26  Pylon  
  29  3:29  Probe  
  30  3:35  Stalker  
  26  3:51  Pylon  
  26  4:00  Gateway  
  24  4:05  Photon Cannon  
  26  4:17  Photon Cannon  
Show
View Real Time Build Order
Export as new Build Order

Bud Zerg - Winner!

Build Orders: Pool First 

Get SALT Encoding   

  12  0:01  Drone  
  13  0:13  Overlord  
  13  0:18  Drone  
  14  0:31  Drone x2  
  16  0:36  Drone  
  17  0:43  Extractor  
  17  0:46  Drone  
  17  0:53  Spawning Pool  
  16  0:57  Drone  
  17  1:23  Hatchery  
  16  1:26  Drone  
  16  1:28  Drone  
  16  1:32  Drone  
  19  1:43  Queen  
  21  1:47  Zergling x2  
  22  1:54  Metabolic Boost  
  22  2:06  Roach Warren  
  21  2:09  Drone  
  22  2:16  Overlord  
  22  2:23  Overlord  
  22  2:52  Roach x5  
  22  2:55  Roach  
  34  3:08  Roach  
  34  3:09  Roach  
  34  3:10  Roach  
  40  3:14  Zergling x2  
  41  3:22  Zergling x4  
  41  3:23  Zergling x2  
  44  3:32  Overlord  
  43  4:00  Zergling x10  
Show
View Real Time Build Order
Export as new Build Order

PureLegacy Terran - Winner!

Build Orders:  

Get SALT Encoding   

  12  0:01  SCV  
  13  0:13  SCV  
  14  0:22  Supply Depot  
  14  0:25  SCV  
  15  0:29  Refinery  
  15  0:43  SCV  
  15  0:47  Barracks  
  16  0:55  SCV  
  17  1:13  Barracks  
  17  1:30  Barracks  
  17  1:38  Reaper  
  17  1:39  SCV  
  19  1:54  Orbital Command  
  19  2:02  Reaper  
  19  2:05  Refinery  
  20  2:11  Reaper  
  21  2:18  Reaper  
  21  2:21  Supply Depot  
  22  2:24  SCV  
  23  2:42  Reaper, SCV  
  23  2:43  Reaper  
  26  2:44  Supply Depot  
  26  2:54  Reaper  
  28  3:05  SCV  
  28  3:14  Reaper  
  30  3:20  Reaper  
  30  3:26  Reaper  
  31  3:33  Command Center  
  31  3:38  SCV  
  32  3:47  Reaper  
  33  3:52  Reaper  
  33  3:53  SCV  
  36  4:11  Barracks  
  36  4:12  Barracks  
  36  4:14  SCV  
  38  4:26  Supply Depot  
Tags
 
Add a new tag
Caveats
  • Supply blocks, unpowered buildings, or Contaminate may cause inaccurate times.
  • Supply counts are checked every 10 seconds.